 Dungeon Crawl Stone Soup version 0.27-a0-1321-gd358eaa319 (webtiles) character file.

Game seed: 8773975942361150244

133 MacCMillion the Stinger (level 4, -4/30 (33) HPs)
             Began as a Draconian Venom Mage on June 21, 2021.
             Slain by a scorpion (5 damage)
             ... on level 5 of the Dungeon on June 22, 2021.
             The game lasted 00:17:39 (3230 turns).

MacCMillion the Stinger (Draconian Venom Mage)      Turns: 3230, Time: 00:17:40

HP:   -4/30 (33)    AC:  5    Str: 10    XL:     4   Next: 94%
MP:   7/7           EV: 12    Int: 17    God:
Gold: 118           SH:  0    Dex: 11    Spells: 4/7 levels left

rFire    . . .     SeeInvis +   a - +1 dagger (speed)
rCold    . . .     Faith    .   (no shield)
rNeg     . . .     Spirit   .   (armour unavailable)
rPois    .         Reflect  .   (helmet restricted)
rElec    .         Harm     .   (no cloak)
rCorr    .         Rampage  .   (no gloves)
Will     .....                  (no boots)
Stlth    ++........             (no amulet)
HPRegen  0.10/turn              h - ring of see invisible
MPRegen  0.10/turn              (no ring)

@: weak-willed, flying, drained
A: AC +5, unfitting armour, cold-blooded
a: no special abilities


You were on level 5 of the Dungeon.
You visited 1 branch of the dungeon, and saw 4 of its levels.

You collected 118 gold pieces.

Inventory:

Hand Weapons
 a - a +1 dagger of speed (weapon)
Jewellery
 h - a ring of see invisible (left hand)
 k - a ring of flight
Scrolls
 f - 2 scrolls of identify
 j - a scroll of enchant weapon {unknown}
 m - a scroll of magic mapping {unknown}
Potions
 d - 2 potions of flight
 i - a potion of attraction {unknown}
 l - a potion of degeneration {unknown}


   Skills:
 - Level 1.7 Dodging
 - Level 1.7 Stealth
 - Level 2.0 Spellcasting
 + Level 1.0 Transmutations
 + Level 5.7 Poison Magic


You had 4 spell levels left.
You knew the following spells:

 Your Spells              Type           Power      Damage    Failure   Level
a - Sting                 Tmut/Pois      52%        1d5       4%          1
b - Poisonous Vapours     Pois/Air       22%        N/A       9%          2

Your spell library contained the following spells:

 Spells                   Type           Power      Damage    Failure   Level
 Olgreb's Toxic Radiance  Pois           21%        N/A       19%         4
 Ignite Poison            Fire/Tmut/Pois 9%         N/A       22%         3
 Mephitic Cloud           Conj/Pois/Air  8%         N/A       26%         3
 Confusing Touch          Hex            1%         N/A       50%         3
 Gell's Gravitas          Tloc           0%         N/A       50%         3
 Petrify                  Tmut/Erth      3%         N/A       83%         4
 Metabolic Englaciation   Hex/Ice        0%         N/A       99%         5
 Yara's Violent Unravell  Hex/Tmut       1%         3d3       99%         5


Dungeon Overview and Level Annotations

Branches:
Dungeon (3/15)

Altars:
Uskayaw

Annotations:
D:3 Terence


Innate Abilities, Weirdness & Mutations

Your plain brown scales are hard. (AC +5)
You cannot fit into any form of body armour.
You are cold-blooded and may be slowed by cold attacks.


Message History

Found 10 stones.
A white imp comes into view.
The scorpion stings you but does no damage.
The white imp moves out of view.
The white imp shouts!
You see here 15 gold pieces.
As you read the scroll labelled NIDO GAAHIAB, it crumbles to dust.
Magic quickly surges around you.
It was a scroll of vulnerability.
The quokka bites you but does no damage.
The scorpion stings you but does no damage.
The white imp closely misses you.
The white imp shouts, "Scamper hence, thou surly fool-born wagtail!"
The white imp hits you but does no damage.
The quokka bites you but does no damage.
Okay, then.
As you read the scroll labelled CATUNNU UPNE, it crumbles to dust.
You assume a fearsome visage.
The hound looks frightened!
The necrophage is unaffected.
The scorpion looks frightened!
The adder looks frightened! x2; The quokka looks frightened!
The white imp is unaffected.
It was a scroll of fear.
The white imp closely misses you.
Cornered, the scorpion turns to fight!
The white imp gestures at you. The puff of frost hits you. The jelly hits you.
You are splashed with acid!
* * * LOW HITPOINT WARNING * * *
As you read the scroll labelled VUGAUB NATT, it crumbles to dust.
You hear a loud clanging noise!
It was a scroll of noise.
You hear an angry hiss.
The jelly misses you.
Unknown command.
As you read the scroll labelled GUEG WOAPPACI, it crumbles to dust.
It is a scroll of amnesia.
Really abort (and waste the scroll)? [Y]es or [N]o only, please.
Really abort (and waste the scroll)?
Okay, then.
The jelly barely misses you. The scorpion stings you.
You die...

....Zn....#
.....J....#
........### ###
......### ##..##
..≈≈..#### ####....#
.≈..≈.##..# #.......#
.≈..≈≈≈##..##......##
..≈..≈≈≈##..#.......#
⌠.≈...≈≈#......s@..#
≈..≈.Z≈≈##....nJ5Z##
≈..≈nY≈≈#.........#
.≈≈...≈##...Yn....#
.....J##..........#
......###........##
....nh#...#.....##
.....S.#.##...###
......##....###


You could see an ice beast, 2 necrophages, a scorpion (weak-willed), a jelly, a
white imp (weak-willed) and a centaur zombie.

Vanquished Creatures
  A hound (D:3)
  5 adders (D:2)
  A worm (D:3)
  A dart slug (D:1)
  An orc (D:5)
  7 ball pythons
  6 endoplasms
  3 giant cockroaches
  5 hobgoblins
  4 jackals
  6 bats
  4 frilled lizards
  2 goblins
  5 kobolds
  3 rats
54 creatures vanquished.

Notes
Turn   | Place    | Note
-------+----------+-------------------------------------------
     0 | D:1      | MacCMillion the Draconian Venom Mage began the quest for
                  | the Orb.
     0 | D:1      | Reached XP level 1. HP: 14/14 MP: 3/3
   302 | D:1      | Reached XP level 2. HP: 20/20 MP: 1/5
   454 | D:1      | Found a faded altar of an unknown god.
   699 | D:1      | Reached skill level 4 in Poison Magic
   703 | D:1      | Upgraded the game from 0.27-a0-1317-gd1140b374c to
                  | 0.27-a0-1321-gd358eaa319
  1184 | D:2      | Reached XP level 3. HP: 26/26 MP: 2/6
  1537 | D:2      | Learned a level 2 spell: Poisonous Vapours
  1890 | D:2      | Reached XP level 4. HP: 33/33 MP: 5/7
  2005 | D:2      | Reached skill level 5 in Poison Magic
  2372 | D:3      | Found a hide-covered altar of Uskayaw.
  2605 | D:3      | Noticed Terence
  3164 | D:3      | You fall into a shaft and drop 2 floors!
  3164 | D:5      | Entered Level 5 of the Dungeon
  3165 | D:5      | Noticed a necrophage
  3168 | D:5      | Noticed a necrophage
  3169 | D:5      | Noticed an ice beast
  3200 | D:5      | Noticed a scorpion
  3228 | D:5      | HP: 1/30 [acid (10)]
  3230 | D:5      | Slain by a scorpion

Illustrated notes

Levels and vault maps discovered:
D:1:      dpeg_arrival_simpleton_b, layout_rooms,
          hellmonk_ecumenical_altar_lost_god, minmay_domino_2
D:2:      layout_basic, minmay_misc_feat_roman
D:3:      layout_basic, lemuel_tele_altar, kennysheep_big_empty_room,
          kennysheep_generic_room_3, uniq_terence
D:5:      cheibrodos_helix_gallery, layout_cave_pools,
          nzn_hepliaklqana_mist_gate, minmay_increasing_density

Skill      XL: |  1  2  3  4 |
---------------+-------------+-----
Poison Magic   | 4 5 |  5.7
Dodging        | |  1.7
Stealth        | |  1.7
Spellcasting   | |  2.0
Transmutations | |  1.0

Action                   |  1- 3 |  4- 6 || total
-------------------------+-------+-------++-------
Melee: Dagger            |    26 |    27 ||    53
       Tailslap          |     2 |     1 ||     3
 Cast: Sting             |    63 |    25 ||    88
  Use: Scroll            |       |     5 ||     5
       Potion            |       |     1 ||     1
Armor: Skin              |    28 |    37 ||    65
Dodge: Dodged            |    39 |    46 ||    85

Table legend: (Time is in decaauts)
 A = Elapsed time spent in this place.
 B = Non-inter-level travel time spent in this place.
 C = Inter-level travel time spent in this place.
 D = Time resting spent in this place.
 E = Time spent auto-exploring this place.
 F = Levels seen in this place.
 G = Mean time per level.
                   A        B        C        D        E       F      G
               +--------+--------+--------+--------+--------+-----+--------+
         Total |   3214 |   3083 |    131 |    575 |   1864 |   4 |  803.5 |
       Dungeon |   3214 |   3083 |    131 |    575 |   1864 |   4 |  803.5 |
               +--------+--------+--------+--------+--------+-----+--------+

Top non-repeatable levels by time:
     D:1: 1154 daAuts
     D:2: 997 daAuts
     D:3: 996 daAuts
     D:5: 65 daAuts
